 Dungeon Crawl Stone Soup version 0.31-a0-246-g8cbcc1cb85 (webtiles) character file.

Game seed: 14828434639309189504

88 qw the Shooter (level 4, -5/32 (36) HPs)
             Began as a Minotaur Hexslinger on July 12, 2023.
             Slain by a gnoll
             ... wielding a +0 war axe
              (10 damage)
             ... on level 4 of the Dungeon.
             The game lasted 00:00:46 (2367 turns).

qw the Shooter (Minotaur Hexslinger)                Turns: 2367, Time: 00:00:47

HP:   -5/32 (36)    AC:  5    Str: 13    XL:     4   Next: 29%
MP:   4/4           EV: 11    Int: 10    God:
Gold: 213           SH:  0    Dex: 14    Spells: 4/5 levels left

rFire   . . .        Y - +2 sling
rCold   . . .        (no shield)
rNeg    . . .        f - +0 ring mail
rPois   .            (helmet restricted)
rElec   .            (no cloak)
rCorr   +            (no gloves)
SInv    .            (no boots)
Will    .....        (no amulet)
Stlth   +            c - ring of resist corrosion
HPRegen 0.25/turn    (no ring)
MPRegen 0.09/turn

%: no passive effects
@: heavily drained
A: horns 2, retaliatory headbutt
a: no special abilities


You were on level 4 of the Dungeon.
You visited 2 branches of the dungeon, and saw 5 of its levels.

You collected 213 gold pieces.


Innate Abilities, Weirdness & Mutations

You have a pair of horns on your head.
You reflexively headbutt those who attack you in melee.


   Skills:
 - Level 2.1 Fighting
 + Level 4.6 Ranged Weapons
 - Level 1.1 Armour
 - Level 2.1 Dodging
 - Level 1.0 Spellcasting
 - Level 2.0 Hexes


You had 4 spell levels left.
You knew the following spells:

 Your Spells              Type           Power      Damage    Failure   Level
a - Slow                  Hex            16%        N/A       32%         1

Your spell library contained the following spells:

 Spells                   Type           Power      Damage    Failure   Level
 Inner Flame              Hex/Fire       2%         N/A       82%         3
 Portal Projectile        Hex/Tloc       4%         N/A       82%         3
 Cause Fear               Hex            2%         N/A       97%         4

Inventory:

Hand Weapons
 Y - a +2 sling (weapon)
Armour
 f - a +0 ring mail (worn)
Jewellery
 c - a ring of resist corrosion (left hand)
Scrolls
 a - a scroll of identify
Potions
 b - a potion of curing {unknown}
 d - a potion of ambrosia {unknown}
 e - a potion of invisibility {unknown}
 g - a potion of haste {unknown}
 h - a potion of heal wounds
 i - a potion of lignification {unknown}

Dungeon Overview and Level Annotations

Branches:
Dungeon (4/15)             Temple (1/1) D:4

Altars:
Cheibriados
Dithmenos
Elyvilon
Fedhas
Gozag
Kikubaaqudgha
Nemelex Xobeh
Ru
Sif Muna
Uskayaw
Vehumet
Xom
Yredelemnul
Zin
The Shining One


Message History

You hear a shout!
You shoot a sling bullet. The sling bullet hits the gnoll.
The gnoll is severely wounded.
You shoot a sling bullet.
The sling bullet barely misses the gnoll.
You shoot a sling bullet. The sling bullet hits the gnoll.
The gnoll is severely wounded.
A gnoll comes into view. It is wielding a +0 war axe.
You shoot a sling bullet.
The sling bullet barely misses the gnoll.
The gnoll shouts!
You hear a shout!
The gnoll closely misses you.
A gnoll comes into view. It is wielding a +2 flail of draining.
The gnoll hits you from afar with a +0 halberd!
You shoot a sling bullet. The sling bullet hits the gnoll.
You kill the gnoll!
You shoot a sling bullet. The sling bullet hits the gnoll.
The gnoll is lightly wounded.
You shoot a sling bullet. The sling bullet hits the gnoll.
The gnoll is moderately wounded.
You shoot a sling bullet.
The sling bullet barely misses the gnoll.
The gnoll closely misses you. You furiously retaliate!
You headbutt the gnoll. You shoot a sling bullet.
The sling bullet barely misses the gnoll.
The gnoll hits you with a +2 flail of draining.
You feel drained. The gnoll hits you with a +0 war axe.
You shoot a sling bullet.
The sling bullet closely misses the gnoll.
The gnoll hits you with a +2 flail of draining.
You feel drained. The gnoll barely misses you.
You shoot a sling bullet.
The sling bullet hits the gnoll but does no damage.
The gnoll is severely wounded.
The gnoll hits you but does no damage.
You feel drained. The gnoll barely misses you.
The gnoll hits you with a +2 flail of draining!
You feel drained. The gnoll hits you with a +0 war axe!
You die...

#..#.#....#..# ...
##.###..###..# ...
#............ ....
#.#.#..#.#..# .....
#.#.#..#.#..# .....####
#.###..###..# ......$.#
#..........(.
........####.###..#.#..#
.......@.....# ...# #..#
.......gg....###..###..#
........)...............
########..........####..
#..........# ##.
#..........# ##
#..........#
#..........#
#............


You could see 2 gnolls.

Vanquished Creatures
  A gnoll (D:4)
  An adder (D:2)
  A worm (D:3)
  4 dart slugs
  An orc (D:4)
  6 ball pythons
  5 endoplasms
  4 giant cockroaches
  6 hobgoblins
  5 kobolds
  2 quokkas (D:3)
  10 bats
  A frilled lizard (D:3)
  5 goblins
  3 rats
55 creatures vanquished.

Notes
Turn   | Place    | Note
-------+----------+-------------------------------------------
     0 | D:1      | qw the Minotaur Hexslinger began the quest for the Orb.
     0 | D:1      | Reached XP level 1. HP: 16/16 MP: 1/1
     0 | D:1      | 0 ||| qw: Version: 0.3-a-52-g30416fa
     0 | D:1      | 0 ||| qw: Game counter: 6207
     0 | D:1      | 0 ||| qw: Melee chars always use a shield: true
     0 | D:1      | 0 ||| qw: God list: Okawaru
     0 | D:1      | 0 ||| qw: Allow faded altars: false
     0 | D:1      | 0 ||| qw: Do Orc after clearing Dungeon:15 true
     0 | D:1      | 0 ||| qw: Do second Lair branch before Depths: true
     0 | D:1      | 0 ||| qw: Lair rune preference: random
     0 | D:1      | 0 ||| qw: Goals: Normal
     0 | D:1      | 0 ||| PLANNING D:1-11
   233 | D:1      | Reached skill level 3 in Ranged Weapons
   233 | D:1      | Reached XP level 2. HP: 23/23 MP: 2/2
   534 | D:1      | 534 ||| UPGRADING to +0 leather armour.
   544 | D:1      | 544 ||| DROPPING +0 robe.
   545 | D:1      | 545 ||| READING 2 scrolls labelled ZENKOEB BUBIUKH.
   546 | D:1      | 546 ||| READING scroll labelled DUSEMOVYSE.
   547 | D:1      | 547 ||| DROPPING scroll of poison.
   959 | D:2      | Reached XP level 3. HP: 29/29 MP: 3/3
  1248 | D:2      | 1248 ||| UPGRADING to +0 ring mail.
  1258 | D:2      | 1258 ||| DROPPING +0 leather armour.
  1259 | D:2      | 1259 ||| UPGRADING to ring of resist corrosion.
  1260 | D:2      | 1260 ||| READING scroll labelled RAHORO UMILOO.
  1287 | D:3      | 1287 ||| STAIRDANCE
  1290 | D:2      | Reached skill level 4 in Ranged Weapons
  1327 | D:3      | Found a white marble altar of Elyvilon.
  1376 | D:3      | Reached skill level 1 in Armour
  1406 | D:3      | Noticed a +0 falchion
  1406 | D:3      | Noticed a +0 dagger
  1406 | D:3      | Noticed a +0 dagger
  1407 | D:3      | Noticed a +0 spear
  1407 | D:3      | Noticed a +0 spear
  1407 | D:3      | Noticed a +0 falchion
  1408 | D:3      | Noticed a +0 short sword
  1409 | D:3      | Noticed a +0 short sword
  1419 | D:3      | Found a hide-covered altar of Uskayaw.
  1428 | D:3      | Found a faded altar of an unknown god.
  1448 | D:3      | Reached XP level 4. HP: 25/36 MP: 4/4
  1879 | D:3      | 1879 ||| READING 3 scrolls labelled XUSSAOMAOD.
  1880 | D:3      | 1880 ||| DRINKING 2 puce potions.
  1881 | D:3      | 1881 ||| DROPPING 2 scrolls of amnesia.
  1962 | D:4      | Found a staircase to the Ecumenical Temple.
  1963 | D:4      | 1963 ||| PLANNING TEMPLE
  1972 | Temple   | Entered the Ecumenical Temple
  2227 | Temple   | 2227 ||| PLANNING D:1-11
  2367 | D:4      | HP: 6/33 [gnoll/+2 flail of draining (8)]
  2367 | D:4      | Slain by a gnoll

Levels and vault maps discovered:
D:1:      erik_arrival_blinker_ship, layout_basic, minmay_misc_feat_doors
D:2:      layout_basic
D:3:      layout_loops_ring, nicolae_uskayaw_en_pointe,
          overflow_temple_1_default, shapermc_ecumenical_altar_starsandcircs,
          roderic_batcave
D:4:      layout_basic, lemuel_tele_altar, minmay_temple_entry_poolview,
          minmay_misc_feat_nine_boxes
Temple:   oiseaux_autumnal_temple

Skill      XL: |  1  2  3 |
---------------+----------+-----
Ranged Weapons | 3 4 |  4.6
Fighting       | 2 |  2.1
Armour         | 1 |  1.1
Dodging        | |  2.1
Spellcasting   | |  1.0
Hexes          | |  2.0

Action                     |  1- 3 |  4- 6 || total
---------------------------+-------+-------++-------
   Fire: Sling             |   105 |    27 ||   132
    Use: Scroll            |     3 |     1 ||     4
         Potion            |       |     1 ||     1
 Armour: Leather armour    |     4 |       ||     4
         Ring mail         |     4 |     1 ||     5
  Dodge: Dodged            |    26 |     4 ||    30

Table legend:
 A = Non-vault XP
 B = Vault XP
 C = Vault XP percentage of total XP
 D = Non-vault monster count
 E = Vault monster count
 F = Vault count percentage of total count
                 A         B        C        D         E       F
            +---------+---------+-------+---------+---------+-------
      Total |     116 |      10 |   7.9 |      46 |       9 |  16.4
            +---------+---------+-------+---------+---------+-------
        D:1 |      16 |       0 |   0.0 |       9 |       0 |   0.0
        D:2 |      54 |       0 |   0.0 |      22 |       0 |   0.0
        D:3 |      27 |      10 |  27.0 |      12 |       9 |  42.9
        D:4 |      19 |       0 |   0.0 |       3 |       0 |   0.0
            +---------+---------+-------+---------+---------+-------
